 Seeded DCSS version 0.31-a0-177-g4aa6249778 (webtiles) character file.

Game seed: 8346848676041322934 (custom seed)

115 innerfire43 the Poker (level 4, -15/35 HPs)
             Began as a Demonspawn Monk on June 18, 2023.
             Was a Priest of Kikubaaqudgha.
             Demolished by an ogre
             ... wielding a +0 giant club
              (17 damage)
             ... on level 4 of the Dungeon.
             The game lasted 00:05:04 (3164 turns).

innerfire43 the Poker (Demonspawn Monk)             Turns: 3164, Time: 00:05:04

Health: -15/35     AC: 15    Str: 19    XL:     4   Next: 68%
Magic:  4/4        EV:  9    Int: 12    God:    Kikubaaqudgha [***...]
Gold:   196        SH:  0    Dex: 15    Spells: 3/3 levels left

rFire   . . .        a - +0 spear
rCold   . . .        (no shield)
rNeg    . . .        r - +0 chain mail
rPois   .            (no helmet)
rElec   .            (no cloak)
rCorr   .            x - +0 pair of gloves
SInv    .            (no boots)
Will    .....        (no amulet) Stlth
                     o - +6 ring of strength
HPRegen 0.25/turn    p - +4 ring of protection
MPRegen 0.09/turn

%: no passive effects
@: no status effects
A: slimy green scales 1, demonic touch 1
a: Renounce Religion, Unearth Wretches


You were on level 4 of the Dungeon.
You worshipped Kikubaaqudgha.
Kikubaaqudgha was most pleased with you.
You visited 1 branch of the dungeon, and saw 5 of its levels.

You collected 196 gold pieces.

Inventory:

Hand Weapons
 a - a +0 spear (weapon)
 w - a +2 dagger of speed
Armour
 b - a +0 robe
 d - an orb of light
 r - a +0 chain mail (worn)
 x - a +0 pair of gloves (worn)
Jewellery
 o - a +6 ring of strength (left hand)
 p - a +4 ring of protection (right hand)
Wands
 t - a wand of light (6)
Scrolls
 f - 2 scrolls of immolation {unknown}
 h - 2 scrolls of poison {unknown}
 j - a scroll of enchant armour {unknown}
 k - 2 scrolls of identify {unknown}
 l - a scroll of blinking {unknown}
 m - a scroll of revelation {unknown}
 s - a scroll of acquirement {unknown}
Potions
 c - a potion of ambrosia
 e - a potion of brilliance {unknown}
 g - 2 potions of resistance {unknown}
 i - a potion of mutation {unknown}
 n - a potion of berserk rage {unknown}
 q - 2 potions of heal wounds {unknown}
 u - a potion of curing {unknown}
 v - a potion of attraction {unknown}


   Skills:
 - Level 3.5 Fighting
 * Level 0.5 Short Blades
 - Level 3.8 Polearms
 - Level 3.2 Dodging
 - Level 0.8 Stealth
 * Level 0.5 Unarmed Combat


You had 3 spell levels left.
You didn't know any spells.
Your spell library contained the following spells:

 Spells                   Type           Power      Damage    Failure   Level
 Kiss of Death            Conj/Necr      0%         2d5       97%         1
 Necrotise                Necr           0%         1d4       97%         1
 Cigotuvi's Dreadful Rot  Necr/Pois/Air  0%         N/A       99%         2
 Sublimation of Blood     Necr           0%         N/A       99%         2
 Anguish                  Hex/Necr       0%         N/A       100%        4
 Dispel Undead            Necr           0%         3d6       100%        4
 Borgnjor's Vile Clutch   Necr/Erth      0%         N/A       100%        5
 Simulacrum               Ice/Necr       0%         N/A       100%        6


Dungeon Overview and Level Annotations

Branches:
Dungeon (5/15)
 Temple: D:4-7

Altars:
Kikubaaqudgha


Innate Abilities, Weirdness & Mutations

You are partially covered in slimy green scales. (AC +2)
Your touch may inflict minor irresistible damage on your foes.


Message History

You see here a +0 club.
Found an escape hatch in the floor.
There is an open door here.
There is an open door here.
You open the door.
There is an open door here.
An orc comes into view. It is wielding a +0 mace.
You reach to attack!
You hit the orc but do no damage. You hit the orc but do no damage.
You touch the orc.
The orc is almost dead.
The orc hits you with a +0 mace.
You hit the orc.
You kill the orc!
Kikubaaqudgha accepts your kill.
No target in view!
No target in view!
HP restored.
Things that are here:
a +0 mace; a +0 leather armour An ogre comes into view.
It is wielding a +0 giant club.
The ogre shouts!
An ogre is nearby!
You reach to attack!
You hit the ogre but do no damage. You barely miss the ogre.
You touch the ogre!
The ogre is moderately wounded.
The ogre hits you with a +0 giant club!
You hit the ogre.
The ogre is moderately wounded.
You hit the ogre.
The ogre is heavily wounded.
The ogre hits you with a +0 giant club!!
Ouch! That really hurt!
* * * LOW HITPOINT WARNING * * *
You are too injured to fight recklessly!
Aiming: Bolt of Light
Press: ? - help, Shift-Dir - straight line, f/p - ogre
Aim: an ogre, wielding a +0 giant club (heavily wounded, 86% to hit)
The bolt of light misses the ogre.
The ogre hits you with a +0 giant club!
You die...
Kikubaaqudgha rasps: "You have failed me!
Welcome... death!"

.... ##### .....
#...# ..... #....
....# #...##....#
#. #...##....##. #.
#...#....... #.
#.O.#.....# #.
#.@.##....# . ##
#...##....##.. #
+............. #
#....)....# ###
#...##....# #..
+...##....# #..
#...##....# ..#..
######....#.....#..
#.....#.....#..


You could see an ogre.

Vanquished Creatures
  4 adders
  3 dart slugs (D:2)
  4 orcs
  5 ball pythons
  8 endoplasms
  A giant cockroach (D:3)
  10 goblins
  4 hobgoblins
  5 quokkas
  5 bats
  2 frilled lizards (D:2)
  5 kobolds
  7 rats
63 creatures vanquished.

Notes
Turn   | Place    | Note
-------+----------+-------------------------------------------
     0 | D:1      | innerfire43 the Demonspawn Monk began the quest for the
                  | Orb.
     0 | D:1      | Reached XP level 1. HP: 18/18 MP: 1/1
   167 | D:1      | Gained mutation: Your touch may inflict minor irresistible
                  | damage on your foes. [demonic ancestry]
   167 | D:1      | Reached XP level 2. HP: 24/24 MP: 2/2
   912 | D:2      | Gained mutation: You are partially covered in slimy green
                  | scales. (AC +2) [demonic ancestry]
   912 | D:2      | Reached XP level 3. HP: 29/29 MP: 3/3
  1486 | D:2      | Found a faded altar of an unknown god.
  1537 | D:2      | Prayed at the altar of an unknown god.
  1537 | D:2      | Became a worshipper of Kikubaaqudgha
  1537 | D:2      | Reached * piety under Kikubaaqudgha
  1537 | D:2      | Received a gift from Kikubaaqudgha
  1537 | D:2      | Reached ** piety under Kikubaaqudgha
  1775 | D:3      | Reached *** piety under Kikubaaqudgha
  1775 | D:3      | Received a gift from Kikubaaqudgha
  1850 | D:3      | Reached XP level 4. HP: 35/35 MP: 4/4
  1914 | D:3      | You fall into a shaft and drop 2 floors!
  1914 | D:5      | Entered Level 5 of the Dungeon
  3157 | D:4      | Noticed an ogre
  3163 | D:4      | HP: 1/35 [ogre/+0 giant club (23)]
  3164 | D:4      | Demolished by an ogre

Illustrated notes

Levels and vault maps discovered:
D:1:      saegor_arrival_simple_c, layout_basic
D:2:      layout_basic, shapermc_ecumenical_altar_hornbeckon
D:3:      layout_basic, serial_bayou_ford_a
D:4:      layout_gridville
D:5:      layout_gridville, evilmike_ruin_ashenzari

Skill      XL: |  1  2 |
---------------+-------+-----
Polearms       | 3 |  3.8
Dodging        | 3 |  3.2
Fighting       | |  3.5
Short Blades   | |  0.5
Stealth        | |  0.8
Unarmed Combat | |  0.5

Action                     |  1- 3 |  4- 6 || total
---------------------------+-------+-------++-------
  Melee: Spear             |   144 |    61 ||   205
         Touch             |       |     5 ||     5
  Evoke: Wand              |       |     1 ||     1
   Stab: Sleeping          |     1 |       ||     1
 Armour: Robe              |    11 |       ||    11
         Chain mail        |     8 |    25 ||    33
  Dodge: Dodged            |    46 |    18 ||    64

Table legend: (Time is in decaauts)
 A = Elapsed time spent in this place.
 B = Non-inter-level travel time spent in this place.
 C = Inter-level travel time spent in this place.
 D = Time resting spent in this place.
 E = Time spent auto-exploring this place.
 F = Levels seen in this place.
 G = Mean time per level.
                   A        B        C        D        E       F      G
               +--------+--------+--------+--------+--------+-----+--------+
         Total |   3179 |   2510 |    669 |      0 |   2021 |   5 |  635.8 |
       Dungeon |   3179 |   2510 |    669 |      0 |   2021 |   5 |  635.8 |
               +--------+--------+--------+--------+--------+-----+--------+

Top non-repeatable levels by time:
     D:2: 1154 daAuts
     D:1: 939 daAuts
     D:3: 717 daAuts
     D:4: 358 daAuts
     D:5: 9 daAuts
